 Dungeon Crawl Stone Soup version 0.27.1-33-g824d729ab1 (webtiles) character file.

Game seed: 17065124111827038115

35 potato4science the Sneak (level 3, -4/20 HPs)
             Began as a Kobold Enchanter on Dec 24, 2021.
             Killed from afar by Sigmund (8 damage)
             ... with a puff of flame
             ... on level 3 of the Dungeon.
             The game lasted 00:05:08 (1742 turns).

potato4science the Sneak (Kobold Enchanter)         Turns: 1742, Time: 00:05:09

Health: -4/20      AC:  4    Str:  6    XL:     3   Next: 55%
Magic:  6/6        EV: 15    Int: 16    God:
Gold:   21         SH:  0    Dex: 15    Spells: 3/6 levels left

rFire    . . .     SeeInvis .   i - +0 dagger (vamp)
rCold    . . .     Faith    .   (shield restricted)
rNeg     . . .     Spirit   .   b - +0 robe
rPois    .         Reflect  .   f - +2 hat
rElec    .         Harm     .   (no cloak)
rCorr    .         Rampage  .   (no gloves)
Will     .....                  (no boots)
Stlth    ++++......             (no amulet)
HPRegen  0.06/turn              (no ring)
MPRegen  0.10/turn              (no ring)

@: no status effects
A: small, no large weapons, nightstalker 3
a: no special abilities


You were on level 3 of the Dungeon.
You visited 1 branch of the dungeon, and saw 3 of its levels.

You collected 21 gold pieces.

Inventory:

Hand Weapons
 a - a +1 dagger
 i - a +0 vampiric dagger (weapon)
Armour
 b - a +0 robe (worn)
 f - a +2 hat (worn)
Wands
 m - a wand of flame (21)
Scrolls
 j - a scroll of noise {unknown}
 k - a scroll of enchant weapon {unknown}
Potions
 c - a potion of ambrosia {unknown}
 d - 2 potions of curing {unknown}
 e - a potion of invisibility {unknown}
 g - a potion of berserk rage {unknown}
 h - a potion of attraction {unknown}
 l - a potion of mutation {unknown}


   Skills:
 - Level 1.0 Fighting
 - Level 2.0 Short Blades
 + Level 0.5 Armour
 - Level 2.4 Dodging
 - Level 5.0 Stealth
 - Level 2.1 Spellcasting
 - Level 3.0 Hexes
 - Level 1.0 Ice Magic


You had 3 spell levels left.
You knew the following spells:

 Your Spells              Type           Power      Damage    Failure   Level
a - Corona                Hex            12%        N/A       6%          1
b - Ensorcelled Hibernat  Hex/Ice        16%        N/A       14%         2

Your spell library contained the following spells:

 Spells                   Type           Power      Damage    Failure   Level
 Confusing Touch          Hex            11%        N/A       19%         3
 Tukima's Dance           Hex            11%        N/A       19%         3
 Summon Small Mammal      Summ           4%         N/A       21%         1
 Dazzling Flash           Conj/Hex       12%        N/A       32%         3


Dungeon Overview and Level Annotations

Branches:
Dungeon (3/15)

Altars:
Xom

Shops:
D:1 [

Annotations:
D:3 Sigmund


Innate Abilities, Weirdness & Mutations

You are small and have problems with some larger weapons.
You are completely attuned to the shadows.


Message History

The helpless worm fails to defend itself.
You impale the worm!!
You kill the worm!
m - a wand of flame (21) Sigmund the Dreaded comes into view.
He is wielding a +2 vampiric scythe.
The helpless Sigmund fails to defend himself.
You impale Sigmund!!
Sigmund is almost dead.
Sigmund barely misses you.
You hit Sigmund but do no damage.
Sigmund is almost dead.
Sigmund misses you.
You closely miss Sigmund.
Sigmund is almost dead.
You barely miss Sigmund.
Sigmund is almost dead.
Sigmund breathes a few words.
Sigmund's hands start flickering wildly.
Sigmund hits you with a +2 vampiric scythe!
Ouch! That really hurt!
You hit Sigmund.
You feel better.
Sigmund is almost dead.
You hit Sigmund.
You feel better.
Sigmund is almost dead.
Sigmund closely misses you.
You hit Sigmund.
You feel better.
Sigmund is almost dead.
Sigmund gestures at you while chanting. The magic dart hits you!
* * * LOW HITPOINT WARNING * * *
You closely miss Sigmund.
Sigmund is almost dead.
Sigmund misses you.
You hit Sigmund but do no damage.
Sigmund is almost dead.
You barely miss Sigmund.
Sigmund is almost dead.
Sigmund points at you and mumbles some strange words.
The puff of flame hits you!
You die...

.########
........#
.....##.#
.....##.#
#....##.#
.....##.#
....@##.# .#
..##@.##.#
...##..#...##.#
#..#.....####.#
...†..... #.#
.....# #.#
.#.#.########.#
#............#
####.#########


You could see Sigmund.

Vanquished Creatures
  2 worms
  3 bats
  4 giant cockroaches (D:1)
  4 hobgoblins
  A kobold (D:1)
  2 quokkas (D:2)
  3 ball pythons
  A frilled lizard (D:1)
  3 goblins
  4 rats (D:1)
27 creatures vanquished.

Notes
Turn   | Place    | Note
-------+----------+-------------------------------------------
     0 | D:1      | potato4science the Kobold Enchanter began the quest for the
                  | Orb.
     0 | D:1      | Reached XP level 1. HP: 10/10 MP: 3/3
    77 | D:1      | Reached XP level 2. HP: 15/15 MP: 5/5
    78 | D:1      | Found a faded altar of an unknown god.
    91 | D:1      | Reached skill level 5 in Stealth
    98 | D:1      | Got Plato's Almanac of the Escort
   105 | D:1      | Learned a level 2 spell: Ensorcelled Hibernation
   274 | D:1      | Reached skill level 1 in Fighting
   523 | D:1      | Reached XP level 3. HP: 20/20 MP: 6/6
   544 | D:1      | Found Narokiro's Armour Shoppe.
   621 | D:2      | Reached skill level 1 in Ice Magic
  1618 | D:3      | Found a shimmering altar of Xom.
  1729 | D:3      | Noticed Sigmund
  1742 | D:3      | Killed from afar by Sigmund

Illustrated notes

Levels and vault maps discovered:
D:1:      dpeg_arrival_prison, layout_rooms,
          shapermc_ecumenical_altar_rom_forum, serial_shops, shop,
          chequers_decorated_corner
D:2:      layout_basic
D:3:      layout_basic, nicolae_overflow_hidden_temple, minmay_misc_feat_rows,
          minivault_4, grunt_decor_resistance, hangedman_decor_points,
          chequers_jeans, uniq_sigmund

Skill      XL: |  1  2  3 |
---------------+----------+-----
Stealth        | 5 |  5.0
Fighting       | 1 |  1.0
Ice Magic      | 1 |  1.0
Short Blades   | 2 |  2.0
Armour         | |  0.5
Dodging        | |  2.4
Spellcasting   | |  2.1
Hexes          | |  3.0

Action                   || total
-------------------------++-------
Melee: Dagger            ||    56
 Cast: Corona            ||     1
       Ensorcelled Hiber ||     2
 Stab: Sleeping          ||    24
Armor: Robe              ||     5
Dodge: Dodged            ||    19
